 Dungeon Crawl Stone Soup version 0.29.0-4-gdea44cf6ec (webtiles) character file.

Game seed: 6919661110288352441

70 qw the Ruffian (level 4, -2/35 HPs)
             Began as a Ghoul Fire Elementalist on Aug 29, 2022.
             Killed from afar by a white imp (3 damage)
             ... with a puff of frost
             ... summoned by Natasha
             ... on level 2 of the Dungeon.
             The game lasted 00:01:32 (1423 turns).

qw the Ruffian (Ghoul Fire Elementalist)            Turns: 1423, Time: 00:01:32

Health: -2/35      AC:  6    Str: 19    XL:     4   Next: 22%
Magic:  5/5        EV: 10    Int: 10    God:
Gold:   71         SH:  0    Dex:  9    Spells: 5/6 levels left

rFire   . . .      SeeInvis .     - Unarmed
rCold   + . .      Faith    .   (no shield)
rNeg    + + +      Spirit   .   f - +0 scale mail
rPois   inf        Reflect  .   (no helmet)
rElec   .          Harm     .   (no cloak)
rCorr   .          Rampage  .   (no gloves)
Will    .....                   (no boots)
Stlth   ..........              (no amulet)
HPRegen 0.00/turn               j - +6 ring of strength
MPRegen 0.09/turn               (no ring)

@: inhibited regen
A: claws 1, cold resistance 1, negative energy resistance 3, inhibited
regeneration, torment resistance 2, devour on kill
a: no special abilities


You were on level 2 of the Dungeon.
You visited 1 branch of the dungeon, and saw 2 of its levels.

You collected 71 gold pieces.


Innate Abilities, Weirdness & Mutations

You are immune to poison.
You have sharp fingernails.
Your flesh is cold resistant. (rC+)
You are immune to negative energy. (rN+++)
You do not regenerate when monsters are visible.
You are immune to unholy pain and torment.
You thrive by killing the living.


   Skills:
 - Level 1.2 Fighting
 - Level 1.7 Dodging
 - Level 2.1 Stealth
 + Level 3.8 Unarmed Combat
 - Level 1.7 Spellcasting
 - Level 0.7 Conjurations
 - Level 2.4 Fire Magic


You had 5 spell levels left.
You knew the following spells:

 Your Spells              Type           Power      Damage    Failure   Level
a - Foxfire               Conj/Fire      16%        2x1d4     47%         1

Your spell library contained the following spells:

 Spells                   Type           Power      Damage    Failure   Level
 Scorch                   Fire           10%        2d5       50%         2
 Conjure Flame            Conj/Fire      4%         6-21      85%         3
 Inner Flame              Hex/Fire       3%         N/A       88%         3
 Flame Wave               Conj/Fire      4%         2d5       99%         4

Inventory:

Armour
 f - a +0 scale mail (worn)
 l - a +0 pair of gloves
Jewellery
 j - a +6 ring of strength (left claw)
Scrolls
 a - 2 scrolls of fear {unknown}
 h - 2 scrolls of identify {unknown}
 k - a scroll of poison {unknown}
Potions
 b - 3 potions of flight {unknown}
 c - a potion of curing {unknown}
 d - a potion of brilliance {unknown}
 e - a potion of degeneration {unknown}
 g - a potion of haste
 i - a potion of lignification {unknown}
 m - a potion of mutation {unknown}

Dungeon Overview and Level Annotations

Branches:
Dungeon (2/15)

Altars:

Annotations:
D:2 Natasha


Message History

The crimson imp is moderately wounded.
The crimson imp hits you but does no damage.
Natasha claws you.
You barely miss the crimson imp. Your claw misses the crimson imp.
The crimson imp is moderately wounded.
The white imp hits you. The white imp freezes you. You resist.
Natasha casts a spell at you. The magic dart hits you.
The crimson imp hits you but does no damage.
You closely miss the crimson imp.
The crimson imp is moderately wounded.
The white imp barely misses you.
Natasha stares at you and mumbles some strange words.
The magic dart hits you. The crimson imp hits you.
You barely miss the crimson imp.
The crimson imp is lightly wounded.
The white imp closely misses you. Natasha completely misses you.
The crimson imp blinks!
You barely miss Natasha. The white imp closely misses you.
Natasha claws you but does no damage.
You claw Natasha!
Natasha is heavily wounded.
The white imp gestures at you. The puff of frost hits you. You resist.
Natasha claws you!
You scratch Natasha.
Natasha is almost dead.
The white imp closely misses you. Natasha barely misses you.
The crimson imp blinks!
You miss Natasha.
Natasha is almost dead.
The white imp gestures at you. The puff of frost hits you. You resist.
Natasha howls an incantation.
Natasha glows brightly for a moment.
Natasha barely misses you.
You closely miss Natasha.
Natasha is almost dead.
The white imp gestures at you. The puff of frost hits you. You resist.
You die...

...## #....<...# #.#........
##..########....%...# ..#........
##)......##........###.#.......#
###.......##............#.......#
..........##.........##.#.......#
..........#######...ยค...#.......#
..........# #.......#.......#
..........# ###.......#.......#
...#####'## #.@h.........######
...#####.## #5##.........#
..........#####.####.......#
............#......+.).....#
..........#>...###.#.....[.#
..........####.###.#####%..#
..........# #.....# #...#
..........# ####### #...#
...^......# #...#


You could see Natasha and a white imp (summoned).

Vanquished Creatures
  Natasha (D:2)
  An adder (D:2)
  A worm (D:2)
  4 ball pythons
  5 bats
  3 endoplasms (D:1)
  2 giant cockroaches
  3 goblins
  A hobgoblin (D:1)
  A jackal (D:1)
  2 kobolds
  2 quokkas (D:2)
  A frilled lizard (D:1)
  6 rats
33 creatures vanquished.

Vanquished Creatures (others)
  8 plants (D:1)
8 creatures vanquished.

Grand Total: 41 creatures vanquished

Notes
Turn   | Place    | Note
-------+----------+-------------------------------------------
     0 | D:1      | qw the Ghoul Fire Elementalist began the quest for the Orb.
     0 | D:1      | Reached XP level 1. HP: 14/14 MP: 2/2
     0 | D:1      | 0 ||| qw: Version: 0.1-a-90-g952f4b7
     0 | D:1      | 0 ||| qw: Game counter: 3973
     0 | D:1      | 0 ||| qw: Always use a shield: true
     0 | D:1      | 0 ||| qw: God list: Okawaru
     0 | D:1      | 0 ||| qw: Allow faded altars: false
     0 | D:1      | 0 ||| qw: Do Orc after D:15 true
     0 | D:1      | 0 ||| qw: Do second Lair branch before Depths: true
     0 | D:1      | 0 ||| qw: Lair rune preference: random
     0 | D:1      | 0 ||| qw: Plans: Normal
     0 | D:1      | 0 ||| PLANNING D:1-11
   143 | D:1      | Reached skill level 1 in Unarmed Combat
   368 | D:1      | Reached skill level 1 in Fighting
   368 | D:1      | Reached XP level 2. HP: 23/23 MP: 3/3
   390 | D:1      | 390 ||| Stepping ~*~*~tactically~*~*~ (stealth).
   392 | D:1      | 392 ||| Stepping ~*~*~tactically~*~*~ (stealth).
   421 | D:1      | 421 ||| Stepping ~*~*~tactically~*~*~ (stealth).
   494 | D:1      | 494 ||| Stepping ~*~*~tactically~*~*~ (stealth).
   498 | D:1      | 498 ||| Stepping ~*~*~tactically~*~*~ (stealth).
   788 | D:1      | Reached skill level 2 in Unarmed Combat
   876 | D:1      | 876 ||| UPGRADING to +0 scale mail.
   886 | D:1      | 886 ||| DROPPING +0 robe.
   887 | D:1      | 887 ||| UPGRADING to +6 ring of strength.
   888 | D:1      | 888 ||| READING scroll labelled UPPOCW POILUR.
   893 | D:1      | 893 ||| READING 2 scrolls labelled PEOSTR VEGERGH.
   894 | D:1      | 894 ||| DRINKING 2 smoky cyan potions.
   895 | D:1      | 895 ||| DROPPING potion of magic.
   896 | D:1      | 896 ||| DROPPING scroll of noise.
   926 | D:2      | Found the +18 Lear's hauberk
   934 | D:2      | 934 ||| Stepping ~*~*~tactically~*~*~ (outnumbered).
   936 | D:2      | 936 ||| Stepping ~*~*~tactically~*~*~ (outnumbered).
   937 | D:2      | 937 ||| Stepping ~*~*~tactically~*~*~ (outnumbered).
   939 | D:2      | 939 ||| Stepping ~*~*~tactically~*~*~ (outnumbered).
   940 | D:2      | 940 ||| Stepping ~*~*~tactically~*~*~ (outnumbered).
   943 | D:2      | 943 ||| Stepping ~*~*~tactically~*~*~ (outnumbered).
   954 | D:2      | Reached XP level 3. HP: 15/28 MP: 4/4
  1240 | D:2      | Noticed Natasha
  1241 | D:2      | 1241 ||| Stepping ~*~*~tactically~*~*~ (hiding).
  1251 | D:2      | Killed Natasha
  1252 | D:2      | Reached skill level 3 in Unarmed Combat
  1252 | D:2      | Reached XP level 4. HP: 34/35 MP: 5/5
  1290 | D:2      | 1290 ||| Stepping ~*~*~tactically~*~*~ (stealth).
  1406 | D:2      | Noticed Natasha
  1408 | D:2      | 1408 ||| Stepping ~*~*~tactically~*~*~ (hiding).
  1420 | D:2      | HP: 5/35 [Natasha (7)]
  1422 | D:2      | HP: 1/35 [white imp/puff of frost[Natasha] (4)]
  1423 | D:2      | Killed from afar by a white imp

Levels and vault maps discovered:
D:1:      tarquinn_simple_flora_water_c, layout_basic
D:2:      layout_basic, uniq_natasha

Skill      XL: |  1  2  3 |
---------------+----------+-----
Unarmed Combat | 1 2 3 |  3.8
Fighting       | 1 |  1.2
Dodging        | |  1.7
Stealth        | |  2.1
Spellcasting   | |  1.7
Conjurations   | |  0.7
Fire Magic     | |  2.4

Action                   |  1- 3 |  4- 6 || total
-------------------------+-------+-------++-------
Melee: Unarmed           |    94 |    38 ||   132
       Punch             |       |     1 ||     1
  Use: Scroll            |     2 |       ||     2
       Potion            |     1 |       ||     1
 Stab: Sleeping          |     1 |       ||     1
Armor: Robe              |     9 |       ||     9
       Scale mail        |    16 |    12 ||    28
Dodge: Dodged            |    37 |    19 ||    56

Table legend:
 A = Non-vault XP
 B = Vault XP
 C = Vault XP percentage of total XP
 D = Non-vault monster count
 E = Vault monster count
 F = Vault count percentage of total count
                 A         B        C        D         E       F
            +---------+---------+-------+---------+---------+-------
      Total |      66 |      35 |  34.7 |      32 |       1 |   3.0
            +---------+---------+-------+---------+---------+-------
        D:1 |      28 |       0 |   0.0 |      16 |       0 |   0.0
        D:2 |      38 |      35 |  47.9 |      16 |       1 |   5.9
            +---------+---------+-------+---------+---------+-------
